cohdb
Replays
Latest Replays
All Replays
Popular Replays
Top Player Replays
Match Explorer
How It Works
Community
CoH3 Stats
Reddit
Sign in to upload your games and track your stats! →
Sign in with Steam
Match 42611078
Unlisted
Match 42611078
Overview
Messages
Build Orders
End
Construct Section Command Post
Selects Australian Defense Battlegroup
Royal Engineer Section
Selects Australian Light Infantry Section
Australian Light Infantry Section
Infantry Section
Australian Light Infantry Section
Construct Platoon Command Post
Jonesy
iPlayThisNaked
.
John Goku
哦嗦嘎达
Bebbo
FocusFuelOrFaceMyWrath
0mma #frühling
0
0
Comments
sign in to comment!
No comments posted yet!